AoeStats
← PIGGI A MAND!!!

Nomad

510396572Analyzed
2v2 RM · 18h ago on Sep 30, 2026· 35m 45s· 4 players
Game mode
Random Map
Map size
176×176
Population
200
Speed
Normal
Resources
Standard
Victory
Conquest
Starting age
Dark Age
Ending age
Imperial Age
RankedLock teamsTeams togetherTeam positionsShared explorationLock speedFull tech treeHidden civsTurbo modeCheats
Victory
Defeat
🇫🇷 Dravidians · France
1228
+14
🇫🇷 Spanish · France
1227
+14
🇧🇷 Spanish · Brazil
1203
-14
🇳🇴 Slavs · Norway
1178
-14
PIGGI A MAND!!!
2:58 Loom
13:34 Feudal Age
14:16 Double-Bit Axe
18:11 Castle Age
16:55 Horse Collar
22:36 Husbandry
26:56 Pikeman
32:24 Bow Saw
rodsra
11:10 Loom
11:17 Loom
14:17 Feudal Age
15:09 Double-Bit Axe
24:33 Castle Age
26:07 Medium Warships
cobmouth
14:06 Feudal Age
14:42 Double-Bit Axe
20:06 Fishing Lines
22:57 Castle Age
22:05 Gold Mining
23:05 Forging
23:21 Bloodlines
23:13 Town Watch
25:39 Scale Barding Armor
29:45 Light Cavalry
35:03 Fervor
35:09 Fervor
Yagatan
4:52 Loom
13:45 Feudal Age
14:22 Fishing Lines
14:34 Double-Bit Axe
18:46 Stone Mining
21:40 Castle Age
20:29 Man-at-Arms
21:21 Scale Mail Armor
22:22 Forging
22:04 Gold Mining
21:52 Long Swordsman
22:18 Gambesons
22:56 Bow Saw
23:07 Gillnets
23:50 Pikeman
25:59 Squires
26:16 Chain Mail Armor
27:08 Iron Casting
30:04 Ballistics
30:56 Horse Collar
36:05 Arson
Connection lost

Rejoining the realm…

Still unreachable

The connection could not be restored.

Session expired

The server has moved on; the page needs a fresh start.